 Dungeon Crawl Stone Soup version 0.20.1-1-g8b1a95d (webtiles) character file.

6762 moscheto the Nimble (level 10, -2/141 HPs)
             Began as a Minotaur Gladiator on Dec 31, 2017.
             Was an Initiate of Gozag.
             Slain by a 14-headed hydra (8 damage)
             ... on level 8 of the Dungeon.
             The game lasted 00:27:33 (5950 turns).

moscheto the Nimble (Minotaur Gladiator)            Turns: 5950, Time: 00:27:34

Health: -2/141     AC: 28    Str: 21    XL:     10   Next: 75%
Magic:  9/9        EV:  2    Int:  5    God:    Gozag
Gold:   730        SH:  0    Dex: 18    Spells: 9/9 levels left

rFire    . . .     SeeInvis .   a - +3 war axe
rCold    . . .     Gourm    .   (no shield)
rNeg     + + +     Faith    .   (armour currently unavailable)
rPois    +         Spirit   .   (helmet currently unavailable)
rElec    .         Reflect  .   (cloak currently unavailable)
rCorr    .         Harm     .   (gloves currently unavailable)
MR       +....     Clarity  +   (boots currently unavailable) Stlth ++........NoTele +
                                (no amulet)
Regen    0.4/turn               v - +3 ring of protection
MPRegen  0.2/turn               B - +5 ring of dexterity

@: tree-form, gold aura, hasted, very quick
A: (retaliatory headbutt), clarity, deterioration 1, magic resistance 1
a: Potion Petition, Call Merchant, Bribe Branch, Renounce Religion


You were on level 8 of the Dungeon.
You worshipped Gozag.
Gozag was pleased with you.
You were not hungry.
You were a tree.
You visited 2 branches of the dungeon, and saw 9 of its levels.
You also visited: Sewer.

You collected 815 gold pieces.
You paid 85 gold pieces to Gozag.

Inventory:

Hand Weapons
 a - a +3 war axe (weapon)
 m - a +1 hand axe of chopping
Missiles
 d - 3 throwing nets (quivered)
 x - 12 tomahawks
Armour
 b - a +0 ring mail
 c - a +1 hat (melded)
 k - the +5 ring mail "Bitwaeme" (melded) {-Cast MR+ Dex+4}
   (You found it on level 4 of the Dungeon)

   It affects your dexterity (+4).
   It affects your resistance to hostile enchantments.
   It prevents spellcasting.
 r - a +0 cloak (melded)
Jewellery
 q - an uncursed ring of poison resistance
 v - a +3 ring of protection (left branch)
 B - a +5 ring of dexterity (right branch)
Wands
 t - a wand of acid (7/15)
 z - a wand of disintegration (7/24)
Scrolls
 g - 3 scrolls of recharging
 i - a scroll of amnesia
 s - 3 scrolls of identify
 u - 2 scrolls of teleportation
 w - a scroll of holy word
 A - 2 scrolls of magic mapping
 C - 2 scrolls of remove curse
 E - a scroll of fog
Potions
 e - 5 potions of magic
 h - 2 potions of brilliance
 l - 3 potions of lignification
 n - 2 potions of flight
 o - 7 potions of curing
 p - a potion of resistance
 F - a potion of invisibility {unknown}
Books
 y - a book of Necromancy

   Spells                             Type                      Level
   a - Pain                           Necromancy                   1
   b - Animate Skeleton               Necromancy                   1
   c - Vampiric Draining              Necromancy                   3
   d - Regeneration                   Charms/Necromancy            3
   e - Animate Dead                   Necromancy                   4
   f - Control Undead                 Necromancy                   4
Comestibles
 f - 6 bread rations
 D - a meat ration
 G - 12 fruits
 H - 4 royal jellies


   Skills:
 * Level 10.6 Fighting
 + Level 5.0 Axes
 - Level 2.0 Throwing
 + Level 11.1 Armour
 - Level 11.2 Dodging


You had 9 spell levels left.
You didn't know any spells.

Dungeon Overview and Level Annotations

Branches:
Dungeon (8/15)             Temple (1/1) D:6
   Lair: D:8-11

Altars:
Gozag
Nemelex Xobeh
Ru
Trog
Uskayaw
Vehumet

Shops:
D:8 }


Innate Abilities, Weirdness & Mutations

((You reflexively headbutt those who attack you in melee.))
((You have a pair of horns on your head.))
You possess an exceptional clarity of mind.
Your body sometimes deteriorates upon taking damage.
You are resistant to hostile enchantments. (MR+)


Message History

* * * LOW HITPOINT WARNING * * *
The 14-headed hydra bites you but does no damage. x2
The 14-headed hydra bites you.
* * * LOW HITPOINT WARNING * * *
The 14-headed hydra bites you but does no damage.
The 14-headed hydra completely misses you.
The 14-headed hydra bites you!
* * * LOW HITPOINT WARNING * * *
The 14-headed hydra bites you but does no damage. x2
The 14-headed hydra bites you.
* * * LOW HITPOINT WARNING * * *
The 14-headed hydra bites you.
* * * LOW HITPOINT WARNING * * *
The 14-headed hydra bites you but does no damage.
The 14-headed hydra bites you.
* * * LOW HITPOINT WARNING * * *
The 14-headed hydra bites you but does no damage.
You feel yourself speed up. The 14-headed hydra bites you!
You die...
Your body crumbles into a pile of gold.

#####.#### #####..
#PP≈.≈.≈.# #.#
#P≈).....##### #.#
#≈≈P.(...#...#######.#
#P≈≈)....###..........
#.≈P.....# #######.#.#
#+###'''## #.###
#).#$....# #.###
#.%'D♣...# ###....
#################......
#.##.........>....#..##
#..............####..#
####.####>####.# #..#
#.# #.# #.# #..# #.#
#.# #.# #..# #.# #.#
#.####..## #.# #.#
#.##......


You could see a 14-headed hydra.

Vanquished Creatures
  Gastronok (D:8)
  The ghost of TheOvate the Protected, a novice HOFi of Beogh (D:8)
  Maurice (D:8)
  Joseph (D:8)
  Psyche (D:8)
  Grinder (D:4)
  2 dream sheep (D:8)
  2 yaks (D:8)
  Eustachio (D:5)
  Duvessa (D:6)
  2 phantoms
  4 ice beasts
  An ogre (D:7)
  3 centaurs (D:6)
  5 big kobolds
  Blork the orc (D:4)
  2 bullfrogs
  Dowan (D:6)
  2 scorpions
  2 howler monkeys
  5 crimson imps
  2 hounds
  A jelly (D:7)
  A bullfrog skeleton (D:8)
  An iguana (D:6)
  6 worker ants
  Natasha (D:4)
  Robin (D:2)
  3 gnolls (D:5)
  12 adders
  A howler monkey skeleton (D:7)
  2 river rats (D:4)
  3 shadow imps
  2 oozes
  An adder skeleton (D:4)
  4 worms
  A dart slug (D:1)
  7 leopard geckos
  9 orcs
  5 ball pythons
  10 giant cockroaches
  12 goblins
  8 hobgoblins
  16 jackals
  9 kobolds
  3 quokkas
  5 bats
  4 frilled lizards
  A jackal skeleton (D:4)
  15 rats
  A plant (D:8)
187 creatures vanquished.

Notes
Turn   | Place    | Note
-------+----------+-------------------------------------------
     0 | D:1      | moscheto the Minotaur Gladiator began the quest for the Orb.
     0 | D:1      | Reached XP level 1. HP: 18/18 MP: 0/0
    42 | D:1      | Reached skill level 1 in Armour
    45 | D:1      | Reached XP level 2. HP: 16/25 MP: 1/1
   362 | D:1      | Reached XP level 3. HP: 20/30 MP: 2/2
   840 | D:2      | Noticed Robin
   847 | D:2      | Killed Robin
   907 | D:2      | Reached XP level 4. HP: 6/37 MP: 3/3
  1147 | D:2      | Reached skill level 5 in Dodging
  1820 | D:3      | Reached XP level 5. HP: 32/42 MP: 4/4
  2246 | D:4      | Noticed Grinder
  2257 | D:4      | Killed Grinder
  2257 | D:4      | Reached XP level 6. HP: 34/50 MP: 5/5
  2275 | D:4      | Noticed Natasha
  2289 | D:4      | Killed Natasha
  2413 | D:4      | Found a glowing drain.
  2419 | Sewer    | Entered a sewer
  2484 | Sewer    | Reached skill level 5 in Armour
  2484 | Sewer    | Reached XP level 7. HP: 51/56 MP: 6/6
  2830 | D:4      | Got a shimmering ring mail
  2841 | D:4      | Identified the +5 ring mail "Bitwaeme" {-Cast MR+ Dex+4} (You found it on level 4 of the Dungeon)
  2846 | D:4      | Noticed Blork the orc
  2854 | D:4      | Killed Blork the orc
  3098 | D:5      | Entered Level 5 of the Dungeon
  3197 | D:5      | Reached XP level 8. HP: 60/62 MP: 7/7
  3646 | D:5      | Noticed Eustachio
  3657 | D:5      | Killed Eustachio
  3782 | D:6      | Found a staircase to the Ecumenical Temple.
  3795 | Temple   | Entered the Ecumenical Temple
  3804 | Temple   | Became a worshipper of Gozag Ym Sagoz the Greedy
  3896 | D:6      | Noticed Duvessa
  3897 | D:6      | Noticed Dowan
  3906 | D:6      | Killed Duvessa
  3906 | D:6      | Reached skill level 10 in Dodging
  3918 | D:6      | Killed Dowan
  4213 | D:6      | Gained mutation: You tend to lose your temper in combat. [potion of mutation]
  4213 | D:6      | Gained mutation: You are robust. (+10% HP) [potion of mutation]
  4213 | D:6      | Gained mutation: You are resistant to electric shocks. (rElec) [potion of mutation]
  4213 | D:6      | Gained mutation: You are resistant to hostile enchantments. (MR+) [potion of mutation]
  4348 | D:7      | Found a sparkling altar of Nemelex Xobeh.
  4376 | D:7      | Reached XP level 9. HP: 74/74 MP: 8/8
  5021 | D:8      | Noticed Gastronok
  5022 | D:8      | Noticed Maurice
  5049 | D:8      | Killed Gastronok
  5049 | D:8      | Reached skill level 10 in Armour
  5049 | D:8      | Reached XP level 10. HP: 39/96 MP: 9/9
  5061 | D:8      | Killed Maurice
  5147 | D:8      | Noticed TheOvate's ghost (novice HOFi)
  5165 | D:8      | Killed TheOvate's ghost
  5451 | D:8      | Found Buovek's Gadget Shoppe.
  5615 | D:8      | Lost mutation: You are robust. (+10% HP) [potion of mutation]
  5615 | D:8      | Lost mutation: You are resistant to electric shocks. (rElec) [potion of mutation]
  5615 | D:8      | Lost mutation: You tend to lose your temper in combat. [potion of mutation]
  5615 | D:8      | Gained mutation: Your body sometimes deteriorates upon taking damage. [potion of mutation]
  5615 | D:8      | Gained mutation: You possess an exceptional clarity of mind. [potion of mutation]
  5631 | D:8      | Noticed Joseph
  5632 | D:8      | Noticed Psyche
  5643 | D:8      | Killed Psyche
  5650 | D:8      | Killed Joseph
  5872 | D:8      | Reached skill level 10 in Fighting
  5892 | D:8      | Reached skill level 5 in Axes
  5934 | D:8      | Noticed a three-headed hydra
  5949 | D:8      | HP: 7/141 [14-headed hydra (2)]
  5950 | D:8      | Slain by a 14-headed hydra

Skill      XL: |  1  2  3  4  5  6  7  8  9 10 |
---------------+-------------------------------+-----
Armour         | 1 2 3 4 5 6 8 10 11 | 11.1
Dodging        | 4 5 6 7 8 10 11 | 11.2
Fighting       | 7 10 | 10.6
Axes           | 5 |  5.0
Throwing       | |  2.0

Action                   |  1- 3 |  4- 6 |  7- 9 | 10-12 || total
-------------------------+-------+-------+-------+-------++-------
Melee: War axe           |    65 |   106 |   247 |    74 ||   492
       Headbutt          |     9 |    22 |    57 |    26 ||   114
Throw: Throwing net      |       |       |       |     1 ||     1
  Use: Scroll            |     5 |     3 |    11 |       ||    19
       Potion            |       |     7 |     1 |     6 ||    14
 Stab: Distracted        |       |       |       |     2 ||     2
       Sleeping          |       |       |       |     1 ||     1
  Eat: Fruit             |       |     4 |       |       ||     4
       Meat ration       |       |     1 |     1 |       ||     2
       Bread ration      |       |       |     1 |       ||     1
Armor: Leather armour    |     7 |       |       |       ||     7
       Ring mail         |    14 |    29 |    87 |    32 ||   162
       Skin              |       |    10 |       |    93 ||   103
Dodge: Dodged            |    67 |    73 |   214 |    70 ||   424
